 Dungeon Crawl Stone Soup version 0.16-a0-4113-g7d8e295 (webtiles) character file.

8380 abixa the Basher (level 11, -5/104 HPs)
             Began as an Ogre Berserker on Feb 28, 2015.
             Was a High Priest of Trog.
             Slain by a yak (13 damage)
             ... on level 9 of the Dungeon.
             The game lasted 00:59:37 (13821 turns).

abixa the Basher (Ogre Berserker)                  Turns: 13821, Time: 00:59:37

Health: -5/104     AC: 11    Str: 26    XL:     11   Next: 30%
Magic:  11/11      EV: 10    Int:  7    God:    Trog [*****.]
Gold:   978        SH:  0    Dex:  9    Spells: 0 memorised, 10 levels left

rFire  . . .     SeeInvis .     a - +2 flail (protect)
rCold  . . .     Clarity  +     j - +1 robe {Archmagi}
rNeg   . . .     SustAb   .     (shield restricted)
rPois  .         Gourm    .     L - +1 hat
rElec  .         Spirit   .     U - +0 cloak
rCorr  .         Warding  .     (gloves unavailable)
rMut   .         Stasis   .     (boots unavailable)
MR     +++..                    M - amulet of clarity
Stlth  +.........               (no ring)
                                (no ring)

@: exhausted, regenerating, slowed, very slow, extremely resistant to hostile
enchantments, very unstealthy
A: unfitting armour, tough skin 1
a: Burn Spellbooks, Berserk, Trog's Hand, Brothers in Arms, Renounce Religion


You were on level 9 of the Dungeon.
You worshipped Trog.
Trog was extremely pleased with you.
You were very hungry.

You visited 2 branches of the dungeon, and saw 10 of its levels.
You also visited: Bailey.

You collected 1042 gold pieces.
You spent 64 gold pieces at shops.

Inventory:

Hand weapons
 a - a +2 flail of protection (weapon)
 w - a +0 halberd
 R - a +0 giant spiked club
 T - a +0 giant spiked club
 V - a +1 dire flail
Missiles
 d - 236 stones
 u - a throwing net
 v - 50 poisoned needles
 y - 21 sling bullets of flame
 A - 17 large rocks (quivered)
 S - 17 sling bullets
Armour
 j - a +1 robe of the Archmagi (worn)
 L - a +1 hat (worn)
 U - a +0 cloak (worn)
Jewellery
 M - an amulet of clarity (around neck)
Magical devices
 e - a wand of cold (4)
 E - a wand of fireball (5)
 H - a wand of draining (3)
 N - a wand of disintegration (6)
 X - a wand of magic darts (22)
Scrolls
 c - 3 scrolls of recharging
 g - 4 scrolls of amnesia
 h - a scroll of magic mapping
 k - 2 scrolls of remove curse
 t - 2 scrolls of fog {unknown}
 x - a scroll of immolation {unknown}
 z - 2 scrolls of enchant armour {unknown}
 G - a scroll of teleportation {unknown}
 K - a scroll of holy word {unknown}
Potions
 i - 4 potions of curing
 l - a potion of cure mutation {unknown}
 m - a potion of brilliance {unknown}
 n - 2 potions of poison
 o - 2 potions of restore abilities {unknown}
 p - 2 potions of ambrosia {unknown}
 q - 2 potions of flight {unknown}
 r - 2 potions of might
 B - a potion of heal wounds {unknown}
 C - 3 potions of haste {unknown}
 O - a potion of berserk rage {unknown}
 Q - a potion of resistance {unknown}
 W - 2 potions of degeneration {unknown}
Books
 b - a book of Control

   Spells                             Type                      Level
   a - Control Teleport               Charms/Translocation         4
   b - Control Undead                 Necromancy                   4
   c - Enslavement                    Hexes                        4
   d - Metabolic Englaciation         Hexes/Ice                    5
   e - Mass Confusion                 Hexes                        6
   Trog disapproves of the use of such an item.
 P - a book of Party Tricks

   Spells                             Type                      Level
   a - Summon Butterflies             Summoning                    1
   b - Apportation                    Translocation                1
   c - Tukima's Dance                 Hexes                        3
   d - Alistair's Intoxication        Transmutation/Poison         4
   e - Invisibility                   Hexes                        6
   Trog disapproves of the use of such an item.
Miscellaneous
 f - a fan of gales (inert)
Comestibles
 s - 6 bread rations
 D - 3 meat rations
 F - a fruit
 I - 2 slices of pizza
 J - a beef jerky
 Y - a chunk of flesh


   Skills:
 - Level 5.4 Fighting
 - Level 14.0 Maces & Flails
 * Level 13.7 Throwing
 - Level 1.5 Armour
 - Level 1.7 Dodging


You had 10 spell levels left.
You didn't know any spells.

Dungeon Overview and Level Annotations

Branches:
Dungeon (9/15)             Temple (1/1) D:6            Lair (0/8) D:9
    Orc: D:9-12

Altars:
Ashenzari
Cheibriados
Dithmenos
Elyvilon
Fedhas
Gozag
Kikubaaqudgha
Makhleb
Nemelex Xobeh
Okawaru
Qazlal
Ru
Sif Muna
Trog
Vehumet
Xom
Yredelemnul
Zin
The Shining One
Lugonu

Shops:
D:4 [   D:5 (!%*(


Innate Abilities, Weirdness & Mutations

You are too large for most types of armour.
You have tough skin (AC +1).


Message History

Use which ability? (? or * to list)
Your skin crawls.
You feel resistant to hostile enchantments.
You feel slightly more hungry.
You are feeling very hungry.
The yak gores you!
* * * LOW HITPOINT WARNING * * *
The yak barely misses you. The yak gores you.
* * * LOW HITPOINT WARNING * * *
Read which item? (? for menu, Esc to quit)
Okay, then.
Unknown command.
Unknown command.
The yak gores you.
* * * LOW HITPOINT WARNING * * *
Evoke which item? (* to show all) (? for menu, Esc to quit)
A fierce wind blows from the fan.
The kobold is blown away by the wind.
The winds coalesce and take form.
The yak gores you!
You die...

*,,.,,,,..#.#...#.# #...#
*,,,,,,,..#.###.#.# #...#
*,,,,,,,..#.#)#.#.# #.|.#
,,,,,,,,..#.###.#E# #...#
,,,,,,,,,,#.#...#.#*****#####...###
,,,,,,,,,,#.#.###.#,,,,............
,,,,,,,,**#.#.#)#.#*,,,,...........
,********,#.#.###.#*,***#####......
,*,,,,,,,,#.#...#@#*,*,,,,,,#......
,*,,,,,,,,#.###?#Y#*.+,,,,,,##.....
,*,,,,,,,,#.#)#.#Y##.#,,,,,,,#.....
,*,,,,,,,,#K###.#K##.#,,,,,,,#.....
,*,,,,,,,,#.#∩..#.##.#########.....
,***#+#####.#####.##..........÷....
,,,,........KK).KK.................
,,,,........###.(..........########
,,,,,.......* #.....(......#


You could see 2 yaks, a big kobold, 2 kobolds and a friendly air elemental.

Vanquished Creatures
  A hill giant (D:7)
  An orc knight (Bailey)
  Pikel (D:3)
  A basilisk (D:9)
  4 yaks (D:9)
  A hippogriff (D:9)
  5 ogres
  Edmund (D:5)
  3 porcupines (D:9)
  3 ice beasts (D:9)
  11 orc warriors
  A slave (D:4)
  2 sky beasts
  5 centaurs
  2 phantoms
  Sigmund (D:6)
  A wyvern zombie (D:6)
  5 giant frogs
  3 scorpions
  15 wights
  4 crimson imps
  A quasit (D:8)
  2 hounds
  A goliath beetle (D:5)
  A jelly (D:7)
  A centaur zombie (D:3)
  4 giant frog skeletons
  2 giant frog zombies
  2 centaur skeletons
  4 iguanas
  2 orc priests
  7 orc wizards
  A hell rat (D:9)
  8 worker ants
  Ijyb (D:4)
  Jessica (D:3)
  3 hound zombies
  3 hound skeletons
  A mummy (D:7)
  A worker ant zombie (D:5)
  8 adders
  2 river rats (D:9)
  10 gnolls
  5 shadow imps
  5 giant mites
  3 adder zombies
  6 giant geckos
  3 oozes
  36 orcs
  2 bat skeletons
  2 bat zombies
  5 giant cockroaches
  10 goblins
  13 hobgoblins
  18 jackals
  11 kobolds
  5 quokkas
  10 bats
  A giant cockroach zombie (D:6)
  3 giant newts (D:2)
  A giant spore (D:7)
  2 quokka zombies
  12 rats
  11 ballistomycetes
301 creatures vanquished.

Vanquished Creatures (others)
  2 slaves (D:4)
  2 giant spores (D:6)
  A ballistomycete (D:6)
5 creatures vanquished.

Grand Total: 306 creatures vanquished

Notes
Turn   | Place    | Note
--------------------------------------------------------------
     0 | D:1      | abixa, the Ogre Berserker, began the quest for the Orb.
     0 | D:1      | Reached XP level 1. HP: 24/24 MP: 1/1
  1158 | D:1      | Reached XP level 2. HP: 21/32 MP: 2/2
  1304 | D:2      | Reached skill level 5 in Maces & Flails
  1304 | D:2      | Reached skill level 1 in Throwing
  1462 | D:2      | Reached XP level 3. HP: 28/39 MP: 3/3
  1622 | D:2      | Found a stormy altar of Qazlal.
  1623 | D:2      | Found a white marble altar of Elyvilon.
  1623 | D:2      | Found a shimmering altar of Xom.
  1703 | D:2      | Found a snail-covered altar of Cheibriados.
  2025 | D:2      | Acquired Trog's second power
  2184 | D:3      | Found a shadowy altar of Dithmenos.
  2257 | D:3      | Reached XP level 4. HP: 30/48 MP: 4/4
  2528 | D:3      | Reached XP level 5. HP: 28/54 MP: 5/5
  2659 | D:3      | Noticed Jessica
  2664 | D:3      | Killed Jessica
  2664 | D:3      | Reached skill level 6 in Maces & Flails
  3461 | D:3      | HP: 2/54 [gnoll/club (9)]
  4033 | D:3      | Reached XP level 6. HP: 50/62 MP: 6/6
  4431 | D:4      | Reached skill level 5 in Throwing
  4659 | D:4      | Found Xainlai's Antique Armour Boutique.
  4667 | D:4      | Bought a glowing hat for 64 gold pieces
  4684 | D:4      | Noticed Ijyb
  4695 | D:4      | Killed Ijyb
  4765 | D:4      | Reached XP level 7. HP: 11/70 MP: 7/7
  5528 | D:4      | Received a gift from Trog
  5538 | D:4      | Reached skill level 7 in Throwing
  5573 | D:4      | Noticed Pikel
  5573 | D:4      | Noticed a slave
  5573 | D:4      | Noticed a slave
  5574 | D:4      | Noticed a slave
  5575 | D:4      | Noticed a slave
  5577 | D:4      | Killed a slave
  5631 | D:3      | Killed Pikel
  5631 | D:3      | Reached skill level 9 in Throwing
  5631 | D:3      | Reached XP level 8. HP: 41/78 MP: 8/8
  5782 | D:4      | Killed a freed slave
  5862 | D:4      | Killed a freed slave
  5943 | D:4      | Found a glowing silver altar of Zin.
  5943 | D:4      | Found an opulent altar of Gozag.
  6039 | D:5      | Entered Level 5 of the Dungeon
  6100 | D:5      | Found Gaxke's Assorted Antiques.
  6191 | D:5      | Found Stefux's Food Boutique.
  6512 | D:6      | Acquired Trog's third power
  7096 | D:6      | Reached skill level 10 in Maces & Flails
  7158 | D:5      | Reached XP level 9. HP: 84/84 MP: 9/9
  7199 | D:5      | Found Quhapolual's Distillery.
  7270 | D:5      | Found Saocaot's Weapon Shoppe.
  7425 | D:5      | Noticed Edmund
  7439 | D:5      | Killed Edmund
  7439 | D:5      | Reached skill level 11 in Maces & Flails
  7540 | D:5      | Found Triasyus' Antique Weapon Boutique.
  7766 | D:6      | Noticed Sigmund
  7776 | D:6      | Killed Sigmund
  7950 | D:6      | Found a radiant altar of Vehumet.
  8109 | D:6      | Reached skill level 12 in Maces & Flails
  8356 | D:6      | Found a stormy altar of Qazlal.
  8382 | D:6      | Found a staircase to the Ecumenical Temple.
  8416 | Temple   | Entered the Ecumenical Temple
  8960 | D:7      | Found a shattered altar of Ashenzari.
  9042 | D:7      | Found a sparkling altar of Nemelex Xobeh.
  9132 | D:7      | Noticed a hill giant
  9261 | D:7      | Received a gift from Trog
  9840 | D:7      | Killed a hill giant
  9840 | D:7      | Reached skill level 13 in Maces & Flails
  9840 | D:7      | Reached skill level 10 in Throwing
  9840 | D:7      | Reached XP level 10. HP: 92/92 MP: 10/10
 11379 | D:9      | Received a gift from Trog
 11398 | D:9      | Reached skill level 14 in Maces & Flails
 11453 | D:9      | Found a staircase to the Lair.
 11479 | D:9      | Reached skill level 5 in Fighting
 11550 | D:9      | Found a flagged portal.
 11775 | Bailey   | Entered a bailey
 12169 | Bailey   | HP: 4/96 [orc warrior/bolt (12)]
 12531 | Bailey   | Received a gift from Trog
 12550 | Bailey   | Reached XP level 11. HP: 60/104 MP: 11/11
 12730 | Bailey   | Noticed an orc knight
 12740 | Bailey   | Killed an orc knight
 13663 | D:9      | Received a gift from Trog
 13818 | D:9      | HP: 5/104 [yak (6)]
 13821 | D:9      | Slain by a yak

Action                   |  1- 3 |  4- 6 |  7- 9 | 10-12 || total
-------------------------+-------+-------+-------+-------++-------
Melee: Mace              |    81 |   168 |     2 |       ||   251
       Flail             |       |       |   412 |   290 ||   702
       Halberd           |       |       |    14 |     1 ||    15
Throw: Stone             |    30 |   107 |   190 |   102 ||   429
       Large rock        |       |       |     9 |    14 ||    23
       Tomahawk          |       |       |     4 |    27 ||    31
       Javelin           |       |       |       |     5 ||     5
Invok: Berserk           |       |     1 |     1 |     2 ||     4
       Trog's Hand       |       |       |       |     2 ||     2
Evoke: Wand              |       |       |       |     1 ||     1
       Fan of gales (ine |       |       |       |     1 ||     1
  Use: Scroll            |       |       |     6 |     5 ||    11
       Potion            |       |       |       |     1 ||     1
  Eat: Chunk             |     4 |     7 |    14 |    11 ||    36
       Fruit             |       |     1 |     3 |     4 ||     8
       Pizza             |       |       |     1 |       ||     1
